 Dungeon Crawl Stone Soup version 0.22-a0-782-g038298e (webtiles) character file.

49690 Gaball the Nimble (level 14, -9/108 HPs)
             Began as a Gnoll Arcane Marksman on July 20, 2018.
             Was an Elder of Fedhas.
             Killed from afar by Josephine (36 damage)
             ... with a ghostly fireball
             ... on level 5 of the Lair of Beasts.
             The game lasted 01:33:22 (25600 turns).

Gaball the Nimble (Gnoll Arcane Marksman)          Turns: 25600, Time: 01:33:24

Health: -9/108     AC:  8    Str: 16    XL:     14   Next: 51%
Magic:  0/27       EV: 13    Int: 21    God:    Fedhas [****..]
Gold:   1152       SH:  0    Dex: 17    Spells: 7/32 levels left

rFire    . . .     SeeInvis .   u - +4 trident
rCold    . . .     Gourm    .   (no shield)
rNeg     . . .     Faith    .   R - +0 troll leather armour
rPois    .         Spirit   +   o - +1 hat {Int+3}
rElec    .         Reflect  .   F - scarf {Spirit}
rCorr    +         Harm     .   I - +0 pair of gloves
MR       +....                  n - +1 pair of boots {Stlth+}
Stlth    +++.......             (no amulet)
HPRegen  0.68/turn              G - ring of resist corrosion
MPRegen  0.20/turn              l - ring of wizardry

@: lethally poisoned (-9 -> -10), hasted, extremely drained, very quick
A: distributed training, fangs 1, clever 1, MP-powered wands, strong nose
a: Fungal Bloom, Evolution, Sunlight, Growth, Reproduction, Renounce Religion


You were on level 5 of the Lair of Beasts.
You worshipped Fedhas.
Fedhas was greatly pleased with you.
You were not hungry.

You visited 4 branches of the dungeon, and saw 19 of its levels.

You collected 1731 gold pieces.
You spent 579 gold pieces at shops.

Inventory:

Hand Weapons
 a - a +0 hand crossbow
 u - a +4 trident (weapon)
Missiles
 h - 38 bolts
 T - 5 silver javelins (quivered)
Armour
 c - a scarf of repulsion
 i - a scarf of resistance
 n - a +1 pair of boots of stealth (worn)
 o - a +1 hat of intelligence (worn)
 F - a scarf of spirit shield (worn)
 I - a +0 pair of gloves (worn)
 R - a +0 troll leather armour (worn)
Magical Staves
 H - an uncursed staff of poison
Jewellery
 l - a ring of wizardry (right hand)
 G - a ring of resist corrosion (left hand)
 N - an uncursed ring of fire
 O - an uncursed ring of flight
 S - an uncursed ring of flight
 Z - the ring "Ponysk" {rC+ MR+}
   (You found it on level 2 of the Lair of Beasts)

   [ring of protection from magic]

   It protects you from cold.
   It affects your resistance to hostile enchantments.
Wands
 d - a wand of paralysis (4)
 j - a wand of digging (16)
 Y - a wand of random effects (10)
Scrolls
 b - 6 scrolls of enchant armour
 e - a scroll of torment
 m - 5 scrolls of remove curse
 p - 3 scrolls of random uselessness
 r - a scroll of fog
 s - 4 scrolls of immolation
 v - 3 scrolls of magic mapping
 w - 2 scrolls of amnesia
 y - 3 scrolls of identify
 z - a scroll of acquirement
 C - 2 scrolls of vulnerability
 D - 2 scrolls of blinking {unknown}
 E - 3 scrolls of noise
 J - 2 scrolls of enchant weapon
 W - a scroll of holy word
Potions
 k - a potion of brilliance
 q - 2 potions of flight
 x - a potion of resistance
 A - 2 potions of magic
 K - a potion of ambrosia
 P - 4 potions of haste
 V - a potion of might
 X - 3 potions of agility {unknown}
Comestibles
 g - a ration


   Skills:
 + Level 9.5(2.5) Fighting
 + Level 9.1(2.2) Short Blades
 + Level 9.1(2.2) Long Blades
 + Level 9.1(2.2) Axes
 + Level 9.1(2.2) Maces & Flails
 + Level 9.1(2.2) Polearms
 + Level 9.1(2.2) Staves
 + Level 9.1(2.2) Slings
 + Level 9.1(2.2) Bows
 + Level 10.2(3.1) Crossbows
 + Level 9.1(2.2) Throwing
 + Level 9.1(2.2) Armour
 + Level 10.2(3.1) Dodging
 + Level 9.1(2.2) Stealth
 + Level 9.1(2.2) Shields
 + Level 9.1(2.2) Unarmed Combat
 + Level 9.6(2.6) Spellcasting
 + Level 7.6(1.0) Conjurations
 + Level 9.4(2.5) Hexes
 + Level 7.6(1.0) Charms
 + Level 7.6(1.0) Summonings
 + Level 7.6(1.0) Necromancy
 + Level 7.6(1.0) Translocations
 + Level 7.6(1.0) Transmutations
 + Level 7.6(1.0) Fire Magic
 + Level 7.6(1.0) Ice Magic
 + Level 7.6(1.0) Air Magic
 + Level 7.6(1.0) Earth Magic
 + Level 7.6(1.0) Poison Magic
 + Level 9.9(2.9) Invocations
 + Level 9.1(2.2) Evocations


You had 7 spell levels left.
You knew the following spells:

 Your Spells              Type           Power        Failure   Level  Hunger
a - Corona                Hex            ##.....      2%          1    None
b - Slow                  Hex            ##......     4%          2    ##.....
c - Leda's Liquefaction   Hex/Erth       ##........   32%         4    ####...
d - Cause Fear            Hex            ##........   24%         4    ####...
e - Inner Flame           Hex/Fire       ##......     11%         3    ###....
f - Regeneration          Chrm/Necr      #.........   14%         3    ###....
g - Lightning Bolt        Conj/Air       #.........   75%         5    ######.
h - Spectral Weapon       Hex/Chrm       ##......     11%         3    ###....

Your spell library contained the following spells:

 Spells                   Type           Power        Failure   Level  Hunger
 Fireball                 Conj/Fire      #.........   75%         5    ######.
 Animate Dead             Necr           N/A          41%         4    ####...
 Pain                     Necr           #...         4%          1    None
 Animate Skeleton         Necr           N/A          4%          1    None
 Vampiric Draining        Necr           #.........   14%         3    ###....
 Blade Hands              Tmut           #.........   75%         5    ######.
 Excruciating Wounds      Chrm/Necr      #.........   75%         5    ######.
 Portal Projectile        Hex/Tloc       ##....       11%         3    ###....
 Shroud of Golubria       Chrm/Tloc      #.........   7%          2    ##.....
 Infusion                 Chrm           #...         4%          1    None
 Song of Slaying          Chrm           #.......     7%          2    ##.....
 Yara's Violent Unravell  Hex/Tmut       ##........   65%         5    ######.
 Borgnjor's Vile Clutch   Necr/Erth      #.........   75%         5    ######.


Dungeon Overview and Level Annotations

Branches:
Dungeon (11/15)            Temple (1/1) D:5            Lair (5/6) D:11
 Shoals (0/4) Lair:3        Snake (0/4) Lair:3        Slime (0/5) Lair:5
    Orc (2/2) D:9             Elf (0/3) Orc:2

Altars:
Ashenzari
Elyvilon
Fedhas
Nemelex Xobeh
Okawaru
Xom
Yredelemnul
Zin
Beogh
Jiyva

Shops:
D:6 *   D:8 (*   Orc:1 (   Orc:2 %}}:

Annotations:
D:3 1 runed door, urutzu's ghost, amateur CeAM
D:6 1 exclusion
D:7 1 exclusion
Lair:5 Josephine


Innate Abilities, Weirdness & Mutations

Your experience applies equally to all skills.
You have very sharp teeth.
Your uncanny sense of smell can sniff out nearby items.
Your mind is acute. (Int +2)
You expend magic power (3 MP) to strengthen your wands.


Message History

A ghostly fireball appears from out of thin air!
The ghostly flame explodes!
The ghostly fireball engulfs you!
You feel drained.
* * * LOW HITPOINT WARNING * * *
The ghostly fireball engulfs the fungus.
The fungus completely resists.
The ghostly fireball engulfs the wraith.
The wraith completely resists.
The ghostly fireball engulfs the plant.
The plant completely resists.
The wraith hits you but does no damage.
Okay, then.
You feel yourself speed up.
You feel sick. Something hits you but does no damage.
The wraith barely misses you. Something hits you. The wraith barely misses you.
The wraith barely misses you.
You hear some strange, mumbled words.
A ghostly fireball appears from out of thin air!
The ghostly flame explodes!
The ghostly fireball engulfs you!
You feel drained.
You die...
Fedhas appreciates your contribution to the ecosystem.

.......#.................
....P####............#
......##........#....###..
................#P....#...#.#
.................P.....P....P#
..........#......W....P|......
..........................$...
#........................[....
#...>.......#...@.............
#........[..###...............
#...........#∆##.#...<....#...
............# #...............
...........## ##.............##
...........# ##.............#
....W@.....# . #.....#.......#
...<.......####.##.....#........#
...........#..#.###....##......#.


You could see a wraith.

Vanquished Creatures
  Gastronok (Lair:3)
  Snorg (D:11)
  A hydra (Lair:2)
  A centaur warrior (D:8)
  9 two-headed ogres
  An ogre mage (Orc:2)
  2 death yaks (Lair:5)
  Nergalle (D:11)
  An unseen horror (D:11)
  4 orc knights (Orc:2)
  A wolf spider (D:8)
  An orc sorcerer (Orc:2)
  An elephant (Lair:2)
  2 wandering mushrooms
  7 spiny frogs
  A rime drake (Lair:4)
  2 komodo dragons
  A hornet (D:6)
  A troll (Orc:2)
  12 blink frogs
  A polar bear (shapeshifter) (D:11)
  6 dream sheep
  4 hippogriffs
  Sigmund (D:6)
  A shadow (D:11)
  A wyvern (D:11)
  25 yaks
  A wraith (Lair:5)
  Grum (D:8)
  A basilisk (Lair:4)
  7 wargs (Orc:2)
  2 nagas (Lair:3)
  An acid dragon (D:11)
  7 porcupines
  6 water moccasins
  32 orc warriors
  An ice beast (D:9)
  4 phantoms
  3 sky beasts
  A black bear (Lair:1)
  4 necrophages
  10 ogres
  4 wolves (Lair:2)
  13 centaurs
  5 crocodiles
  2 big kobolds
  7 bullfrogs
  A wyvern skeleton (D:8)
  2 scorpions
  10 killer bees
  4 wights
  A howler monkey (D:8)
  4 crimson imps
  A bullfrog zombie (D:11)
  9 hounds
  4 jellies
  A quasit (D:11)
  12 orc priests
  Crazy Yiuf (D:3)
  6 orc wizards
  A centaur skeleton (D:4)
  5 iguanas
  10 worker ants
  A hound zombie (D:8)
  2 hound skeletons
  3 worker ant zombies
  2 howler monkey skeletons
  23 adders
  A river rat (D:3)
  4 shadow imps
  An adder zombie (D:5)
  An adder skeleton (D:8)
  4 worms
  2 dart slugs (D:1)
  4 leopard geckos
  92 orcs
  3 ball pythons
  8 bats
  4 giant cockroaches
  11 goblins
  8 hobgoblins
  8 jackals
  6 quokkas
  2 frilled lizards (D:1)
  A jackal skeleton (D:7)
  10 kobolds
  A leopard gecko skeleton (D:6)
  A leopard gecko zombie (D:8)
  A quokka skeleton (D:4)
  8 rats
  3 toadstools
489 creatures vanquished.

Vanquished Creatures (collateral kills)
  2 hydras (Lair:4)
  2 catoblepae
  2 two-headed ogres (Orc:2)
  4 death yaks (Lair:5)
  2 orc knights (Orc:2)
  3 elephants (Lair:2)
  2 black mambas
  6 spiny frogs
  A rime drake (Lair:4)
  3 komodo dragons
  A troll (Orc:2)
  9 blink frogs
  5 dream sheep (Lair:5)
  A snapping turtle (Lair:3)
  2 wyverns
  2 wraiths (Lair:5)
  18 yaks
  A warg (Orc:2)
  16 orc warriors
  A water moccasin (D:9)
  An ogre (Orc:2)
  A wolf (Lair:2)
  A bullfrog (Lair:5)
  A killer bee (D:10)
  2 wights (D:11)
  A jelly (D:10)
  An orc priest (Orc:1)
  2 hounds (D:10)
  4 orc wizards
  A worker ant (D:10)
  18 orcs
116 creatures vanquished.

Vanquished Creatures (others)
  3 oklob plants (Lair:5)
  25 wandering mushrooms
  18 fungi
  8 plants
  3 spectral weapons
  396 toadstools
453 creatures vanquished.

Grand Total: 1058 creatures vanquished

Notes
Turn   | Place    | Note
-------+----------+-------------------------------------------
     0 | D:1      | Gaball the Gnoll Arcane Marksman began the quest for the Orb.
     0 | D:1      | Reached XP level 1. HP: 17/17 MP: 4/4
   499 | D:1      | Reached XP level 2. HP: 23/23 MP: 5/5
  1002 | D:2      | Reached XP level 3. HP: 25/28 MP: 7/7
  1106 | D:2      | Reached skill level 1 in Invocations
  1283 | D:2      | Reached skill level 1 in Short Blades
  1283 | D:2      | Reached skill level 1 in Long Blades
  1283 | D:2      | Reached skill level 1 in Axes
  1283 | D:2      | Reached skill level 1 in Maces & Flails
  1283 | D:2      | Reached skill level 1 in Polearms
  1283 | D:2      | Reached skill level 1 in Staves
  1283 | D:2      | Reached skill level 1 in Slings
  1283 | D:2      | Reached skill level 1 in Bows
  1283 | D:2      | Reached skill level 1 in Throwing
  1283 | D:2      | Reached skill level 1 in Armour
  1283 | D:2      | Reached skill level 1 in Stealth
  1283 | D:2      | Reached skill level 1 in Shields
  1283 | D:2      | Reached skill level 1 in Unarmed Combat
  1283 | D:2      | Reached skill level 1 in Evocations
  1421 | D:2      | Reached XP level 4. HP: 34/34 MP: 8/8
  2081 | D:3      | Found a runed door.
  2107 | D:3      | Reached skill level 1 in Conjurations
  2107 | D:3      | Reached skill level 1 in Charms
  2107 | D:3      | Reached skill level 1 in Summonings
  2107 | D:3      | Reached skill level 1 in Necromancy
  2107 | D:3      | Reached skill level 1 in Translocations
  2107 | D:3      | Reached skill level 1 in Transmutations
  2107 | D:3      | Reached skill level 1 in Fire Magic
  2107 | D:3      | Reached skill level 1 in Ice Magic
  2107 | D:3      | Reached skill level 1 in Air Magic
  2107 | D:3      | Reached skill level 1 in Earth Magic
  2107 | D:3      | Reached skill level 1 in Poison Magic
  2132 | D:3      | Reached XP level 5. HP: 37/40 MP: 9/9
  2241 | D:3      | Learned a level 2 spell: Slow
  2246 | D:3      | Learned a level 4 spell: Leda's Liquefaction
  2491 | D:3      | Noticed an ogre
  2514 | D:3      | Killed an ogre
  2514 | D:3      | Reached XP level 6. HP: 47/47 MP: 9/11
  2597 | D:3      | Noticed urutzu's ghost (amateur CeAM)
  2752 | D:3      | Found a runed door.
  2954 | D:3      | Noticed Crazy Yiuf
  2961 | D:3      | Killed Crazy Yiuf
  2961 | D:3      | Reached skill level 5 in Crossbows
  2961 | D:3      | Reached skill level 5 in Dodging
  3017 | D:4      | Noticed a phantom
  3039 | D:4      | Killed a phantom
  3491 | D:4      | Reached XP level 7. HP: 52/52 MP: 12/12
  4452 | D:5      | Entered Level 5 of the Dungeon
  4493 | D:5      | Reached XP level 8. HP: 25/60 MP: 5/14
  5108 | D:5      | Found a staircase to the Ecumenical Temple.
  5242 | Temple   | Entered the Ecumenical Temple
  5267 | Temple   | Became a worshipper of Fedhas Madash
  5627 | D:6      | Found Yhona's Assorted Antiques.
  5671 | D:6      | Noticed a hornet
  6113 | D:6      | Reached XP level 9. HP: 54/66 MP: 16/16
  6175 | D:6      | Noticed Sigmund
  6373 | D:6      | Killed Sigmund
  6416 | D:6      | Killed a hornet
  6477 | D:6      | Found a shimmering altar of Xom.
  6516 | D:6      | Reached skill level 5 in Spellcasting
  7051 | D:7      | Reached skill level 5 in Fighting
  8439 | D:8      | Reached skill level 5 in Invocations
  8543 | D:8      | Noticed a two-headed ogre
  8584 | D:8      | Killed a two-headed ogre
  8584 | D:8      | Reached XP level 10. HP: 75/75 MP: 18/18
  8615 | D:8      | Reached * piety under Fedhas
  8778 | D:8      | Noticed a two-headed ogre
  8791 | D:8      | Killed a two-headed ogre
  8791 | D:8      | Reached skill level 5 in Short Blades
  8791 | D:8      | Reached skill level 5 in Long Blades
  8791 | D:8      | Reached skill level 5 in Axes
  8791 | D:8      | Reached skill level 5 in Maces & Flails
  8791 | D:8      | Reached skill level 5 in Polearms
  8791 | D:8      | Reached skill level 5 in Staves
  8791 | D:8      | Reached skill level 5 in Slings
  8791 | D:8      | Reached skill level 5 in Bows
  8791 | D:8      | Reached skill level 5 in Throwing
  8791 | D:8      | Reached skill level 5 in Armour
  8791 | D:8      | Reached skill level 5 in Stealth
  8791 | D:8      | Reached skill level 5 in Shields
  8791 | D:8      | Reached skill level 5 in Unarmed Combat
  8791 | D:8      | Reached skill level 5 in Evocations
  8804 | D:8      | Noticed a two-headed ogre
  8832 | D:8      | Killed a two-headed ogre
  8974 | D:8      | Noticed a centaur warrior
  9070 | D:8      | Noticed a wolf spider
  9079 | D:8      | Gained mutation: You expend magic power (3 MP) to strengthen your wands. [potion of mutation]
  9079 | D:8      | Gained mutation: Your mind is acute. (Int +2) [potion of mutation]
  9085 | D:8      | Killed a wolf spider
  9386 | D:8      | Learned a level 4 spell: Cause Fear
  9563 | D:8      | Found a shattered altar of Ashenzari.
  9675 | D:8      | Found Icre's Assorted Antiques.
  9685 | D:8      | Bought a dazzling buckler for 285 gold pieces
  9690 | D:8      | Identified the cursed -4 buckler "Hoturihe" {rF+ rCorr Str+3} (You bought it in a shop on level 8 of the Dungeon)
  9697 | D:8      | Bought a scroll labeled RUIGIK RAUVE for 30 gold pieces
  9697 | D:8      | Bought 2 potions of curing for 180 gold pieces
  9697 | D:8      | Bought a scroll labeled CEKLUA CUQYIL for 30 gold pieces
  9697 | D:8      | Bought 2 yellow potions for 54 gold pieces
  9757 | D:8      | Noticed a two-headed ogre
  9767 | D:8      | Noticed Grum
  9810 | D:7      | HP: 2/76 [wolf[Grum] (6)]
  9831 | D:6      | Reached ** piety under Fedhas
 10168 | D:8      | Reached XP level 11. HP: 82/82 MP: 16/20
 10424 | D:8      | Killed Grum
 10605 | D:8      | Killed a two-headed ogre
 10621 | D:8      | Identified Advanced Steps in Hermeneutics
 10653 | D:8      | Learned a level 3 spell: Inner Flame
 10657 | D:8      | Learned a level 3 spell: Regeneration
 10735 | D:8      | Killed a centaur warrior
 10735 | D:8      | Reached skill level 5 in Conjurations
 10735 | D:8      | Reached skill level 5 in Charms
 10735 | D:8      | Reached skill level 5 in Summonings
 10735 | D:8      | Reached skill level 5 in Necromancy
 10735 | D:8      | Reached skill level 5 in Translocations
 10735 | D:8      | Reached skill level 5 in Transmutations
 10735 | D:8      | Reached skill level 5 in Fire Magic
 10735 | D:8      | Reached skill level 5 in Ice Magic
 10735 | D:8      | Reached skill level 5 in Air Magic
 10735 | D:8      | Reached skill level 5 in Earth Magic
 10735 | D:8      | Reached skill level 5 in Poison Magic
 10795 | D:8      | Found Peseedud's Weapon Shoppe.
 11329 | D:9      | Found a roughly hewn altar of Beogh.
 11463 | D:9      | Found a staircase to the Orcish Mines.
 11800 | D:9      | Noticed a two-headed ogre
 11812 | D:9      | Killed a two-headed ogre
 11863 | D:10     | Entered Level 10 of the Dungeon
 12363 | D:10     | HP: 4/82 [orc warrior/long sword (8)]
 12368 | D:10     | HP: 2/82 [killer bee (3)]
 12989 | D:10     | Reached *** piety under Fedhas
 13411 | D:11     | Noticed an unseen horror
 13419 | D:11     | Killed an unseen horror
 13723 | D:11     | Noticed Nergalle
 13738 | D:11     | Killed Nergalle
 13738 | D:11     | Reached XP level 12. HP: 79/90 MP: 5/23
 14105 | D:11     | Found a staircase to the Lair.
 14310 | D:11     | Noticed Snorg
 14329 | D:11     | Killed Snorg
 15015 | Lair:1   | Entered Level 1 of the Lair of Beasts
 15467 | Orc:1    | Entered Level 1 of the Orcish Mines
 15469 | Orc:1    | Found Wighaemp's Antique Weapon Boutique.
 15767 | Orc:2    | Entered Level 2 of the Orcish Mines
 15844 | Orc:2    | Found an iron altar of Okawaru.
 16029 | Orc:2    | Reached **** piety under Fedhas
 16513 | Orc:2    | Noticed a two-headed ogre
 16520 | Orc:2    | Killed a two-headed ogre
 16552 | Orc:2    | Noticed an ogre mage
 16561 | Orc:2    | Killed an ogre mage
 16561 | Orc:2    | Noticed a two-headed ogre
 16563 | Orc:2    | Noticed a two-headed ogre
 16568 | Orc:2    | Noticed a two-headed ogre
 16576 | Orc:2    | Killed a two-headed ogre
 16938 | Orc:2    | Noticed a two-headed ogre
 16962 | Orc:2    | Killed a two-headed ogre
 17052 | Orc:2    | Noticed a two-headed ogre
 17052 | Orc:2    | Killed a two-headed ogre
 17691 | Orc:2    | Found a staircase to the Elven Halls.
 17703 | Orc:2    | Reached XP level 13. HP: 97/97 MP: 25/25
 18000 | Orc:2    | Noticed an orc warlord
 18465 | Orc:2    | Learned a level 5 spell: Lightning Bolt
 18515 | Orc:2    | Found Xiwi's Book Emporium.
 18515 | Orc:2    | Found Qiuhasit's Gadget Boutique.
 19159 | Orc:2    | Learned a level 3 spell: Spectral Weapon
 19361 | Orc:2    | Found a roughly hewn altar of Beogh.
 19550 | Orc:2    | Found Podibb's Gadget Emporium.
 19550 | Orc:2    | Found Teivef's Food Boutique.
 20948 | Lair:2   | Got a steaming tin ring
 22087 | Lair:3   | Found a staircase to the Snake Pit.
 22138 | Lair:3   | Noticed Gastronok
 22314 | Lair:3   | Killed Gastronok
 22614 | Lair:3   | Found a staircase to the Shoals.
 23156 | Lair:4   | Identified the ring "Ponysk" {rC+ MR+} (You found it on level 2 of the Lair of Beasts)
 23273 | Lair:4   | Reached XP level 14. HP: 108/108 MP: 27/27
 23694 | Lair:4   | Reached skill level 10 in Crossbows
 23694 | Lair:4   | Reached skill level 10 in Dodging
 24539 | Lair:5   | Found a staircase to the Slime Pits.
 24540 | Lair:5   | Found a viscous altar of Jiyva.
 24585 | Lair:5   | Noticed Josephine
 25600 | Lair:5   | Killed from afar by Josephine

Vault maps used:
D:1:      ldierk_water_garden, minmay_tetromino_l2
D:3:      ebering_ghost_inner_flame, gup_sewer_entry_bowl,
          uniq_crazy_yiuf_cottage
D:4:      first_ration, hangedman_abyss_or_decor_lesser_grid,
          minmay_fountain_box, serial_bayou_ford_a
D:5:      minmay_temple_entry_trees
D:6:      serial_shops, shop_coins, tgw_xom, uniq_sigmund
D:8:      minmay_the_grid_plus_closed, old_standard_altar, serial_shops, shop,
          shop, uniq_grum
D:9:      david_orc_5
D:10:     st_stairs_11
D:11:     lair_entry_dummy, uniq_snorg, uniq_nergalle
Temple:   minmay_crystal_snake_temple
Lair:1:   serial_bayou_shore_b, lemuel_fruit_tree
Lair:3:   minmay_shoals_entry_hut, guppyfry_snake_entry_island, uniq_gastronok
Lair:4:   st_stairs_4, lemuel_fruit_fields
Lair:5:   slime_altar_1, beast_lair_carwin_9, uniq_josephine
Orc:1:    serial_shops, nicolae_shop_behind_doors
Orc:2:    st_orc_town, okawaru_metal_pillars_3

Skill      XL: |  1  2  3  4  5  6  7  8  9 10 11 12 13 14 |
---------------+-------------------------------------------+-----
Invocations    | 1 2 3 4 5 6 7 8 9 |  9.9
Short Blades   | 1 2 3 4 5 6 7 8 9 |  9.1
Long Blades    | 1 2 3 4 5 6 7 8 9 |  9.1
Axes           | 1 2 3 4 5 6 7 8 9 |  9.1
Maces & Flails | 1 2 3 4 5 6 7 8 9 |  9.1
Polearms       | 1 2 3 4 5 6 7 8 9 |  9.1
Staves         | 1 2 3 4 5 6 7 8 9 |  9.1
Slings         | 1 2 3 4 5 6 7 8 9 |  9.1
Bows           | 1 2 3 4 5 6 7 8 9 |  9.1
Throwing       | 1 2 3 4 5 6 7 8 9 |  9.1
Armour         | 1 2 3 4 5 6 7 8 9 |  9.1
Stealth        | 1 2 3 4 5 6 7 8 9 |  9.1
Shields        | 1 2 3 4 5 6 7 8 9 |  9.1
Unarmed Combat | 1 2 3 4 5 6 7 8 9 |  9.1
Evocations     | 1 2 3 4 5 6 7 8 9 |  9.1
Spellcasting   | 3 4 5 6 7 8 9 |  9.6
Conjurations   | 1 2 3 4 5 6 7 |  7.6
Charms         | 1 2 3 4 5 6 7 |  7.6
Summonings     | 1 2 3 4 5 6 7 |  7.6
Necromancy     | 1 2 3 4 5 6 7 |  7.6
Translocations | 1 2 3 4 5 6 7 |  7.6
Transmutations | 1 2 3 4 5 6 7 |  7.6
Fire Magic     | 1 2 3 4 5 6 7 |  7.6
Ice Magic      | 1 2 3 4 5 6 7 |  7.6
Air Magic      | 1 2 3 4 5 6 7 |  7.6
Earth Magic    | 1 2 3 4 5 6 7 |  7.6
Poison Magic   | 1 2 3 4 5 6 7 |  7.6
Fighting       | 3 4 5 6 7 8 9 |  9.5
Crossbows      | 5 6 7 8 9 10 | 10.2
Dodging        | 5 6 7 8 9 10 | 10.2
Hexes          | 6 7 8 9 |  9.4

Action                   |  1- 3 |  4- 6 |  7- 9 | 10-12 | 13-15 || total
-------------------------+-------+-------+-------+-------+-------++-------
Melee: Club              |    72 |     7 |       |       |       ||    79
       Hand crossbow     |    19 |       |       |       |       ||    19
       Bite              |     7 |     1 |    20 |    95 |    68 ||   191
       Trident           |       |    18 |   216 |   936 |   470 ||  1640
       Punch             |       |       |     3 |    25 |    20 ||    48
 Fire: Hand crossbow     |    42 |   145 |   236 |   151 |   438 ||  1012
Throw: Javelin           |       |       |     1 |    20 |    15 ||    36
 Cast: Leda's Liquefacti |       |       |     7 |     3 |     8 ||    18
       Slow              |       |       |     1 |     2 |    41 ||    44
       Corona            |       |       |     1 |       |     3 ||     4
       Cause Fear        |       |       |       |    15 |    14 ||    29
       Regeneration      |       |       |       |     4 |     4 ||     8
       Inner Flame       |       |       |       |     2 |       ||     2
       Lightning Bolt    |       |       |       |       |    12 ||    12
       Spectral Weapon   |       |       |       |       |     7 ||     7
Invok: Fungal Bloom      |       |       |     9 |    65 |    37 ||   111
       Evolution         |       |       |       |    20 |    16 ||    36
       Sunlight          |       |       |       |     1 |       ||     1
Evoke: Wand              |       |       |     1 |    35 |    34 ||    70
  Use: Potion            |       |     2 |     3 |    15 |     6 ||    26
       Scroll            |       |       |     7 |     8 |    16 ||    31
 Stab: Sleeping          |     3 |     1 |     8 |    10 |     3 ||    25
       Distracted        |       |       |     1 |     1 |     3 ||     5
       Paralysed         |       |       |     5 |    37 |     1 ||    43
       Confused          |       |       |       |    10 |       ||    10
       Fleeing           |       |       |       |     2 |     1 ||     3
  Eat: Chunk             |     2 |     4 |     9 |    14 |    21 ||    50
       Ration            |       |     1 |     2 |     6 |     3 ||    12
Armor: Robe              |    28 |     2 |    36 |       |       ||    66
       Scale mail        |       |       |    32 |   207 |       ||   239
       Skin              |       |       |     9 |    16 |       ||    25
       Acid dragon scale |       |       |       |    28 |       ||    28
       Troll leather arm |       |       |       |     1 |    95 ||    96
Dodge: Dodged            |    74 |    45 |   227 |   546 |   448 ||  1340
       Deflected         |       |       |       |     5 |       ||     5

Table legend:
 A = Spawn XP
 B = Non-spawn XP
 C = Spawn XP percentage of total XP
 D = Spawn monster count
 E = Non-spawn monster count
 F = Spawn count percentage of total count
 G = Total turns spent on level
                    A         B        C        D         E        F      G
               +---------+---------+-------+---------+---------+-------+---------
         Total |       0 |   70987 |   0.0 |       0 |     600 |   0.0 | 25600
               +---------+---------+-------+---------+---------+-------+---------
           D:1 |       0 |      29 |   0.0 |       0 |      17 |   0.0 |   967
           D:2 |       0 |      77 |   0.0 |       0 |      21 |   0.0 |  1113
           D:3 |       0 |     341 |   0.0 |       0 |      35 |   0.0 |  1062
           D:4 |       0 |     569 |   0.0 |       0 |      26 |   0.0 |  1310
           D:5 |       0 |     882 |   0.0 |       0 |      27 |   0.0 |  1048
           D:6 |       0 |    1200 |   0.0 |       0 |      18 |   0.0 |  1429
           D:7 |       0 |     934 |   0.0 |       0 |      26 |   0.0 |  2064
           D:8 |       0 |    7725 |   0.0 |       0 |      47 |   0.0 |  1959
           D:9 |       0 |    2610 |   0.0 |       0 |      51 |   0.0 |  1146
          D:10 |       0 |    2451 |   0.0 |       0 |      40 |   0.0 |  1879
          D:11 |       0 |    5783 |   0.0 |       0 |      33 |   0.0 |  1350
        Lair:1 |       0 |    1721 |   0.0 |       0 |       7 |   0.0 |  1190
        Lair:2 |       0 |    7069 |   0.0 |       0 |      30 |   0.0 |  1367
        Lair:3 |       0 |    6544 |   0.0 |       0 |      23 |   0.0 |  1158
        Lair:4 |       0 |    8983 |   0.0 |       0 |      38 |   0.0 |  1505
        Lair:5 |       0 |    9334 |   0.0 |       0 |      41 |   0.0 |   977
         Orc:1 |       0 |     749 |   0.0 |       0 |      17 |   0.0 |  1182
         Orc:2 |       0 |   13986 |   0.0 |       0 |     103 |   0.0 |  2848
               +---------+---------+-------+---------+---------+-------+---------
